 Dungeon Crawl Stone Soup version 0.32-a0-12-g7fc57aa741 (webtiles) character file.

Game seed: 2515124896991866600

2737 Hsik the Cleaver (level 9, 0/73 (79) HPs)
             Began as a Hill Orc Fighter on Jan 14, 2024.
             Was a Priest of Zin.
             Slain by a wight
             ... wielding a +0 trident
              (7 damage)
             ... on level 8 of the Dungeon.
             The game lasted 00:39:24 (7038 turns).

Hsik the Cleaver (Hill Orc Fighter)                 Turns: 7038, Time: 00:39:25

HP:   0/73 (79)     AC: 15    Str: 25    XL:     9   Next: 67%
MP:   1/14          EV:  9    Int: 10    God:    Zin [***...]
Gold: 199           SH:  5    Dex: 12    Spells: 8/8 levels left

rFire   . . .        a - +3 war axe
rCold   . . .        c - +0 buckler
rNeg    . . .        b - +0 scale mail
rPois   ∞            r - +1 helmet
rElec   .            (no cloak)
rCorr   .            (no gloves)
SInv    .            i - +0 pair of boots
Will    .....        k - amulet of faith Stlth
                     t - ring of flight
HPRegen 0.32/turn    A - +4 ring of protection
MPRegen 0.14/turn

%: faith
@: vitalised, on recite cooldown, flying, slowed, drained, very slow
A: no striking features
a: Renounce Religion, Recite, Vitalisation, Imprison, Donate Gold


You were on level 8 of the Dungeon.
You worshipped Zin.
Zin was most pleased with you.
You visited 2 branches of the dungeon, and saw 9 of its levels.

You collected 465 gold pieces.
You donated 266 gold pieces to Zin.

Inventory:

Hand Weapons
 a - a +3 war axe (weapon)
 x - a +0 lajatang
Missiles
 p - 3 throwing nets
 q - 2 curare-tipped darts
 C - 6 boomerangs
 D - 3 datura-tipped darts
 E - 6 poisoned darts
Armour
 b - a +0 scale mail (worn)
 c - a +0 buckler (worn)
 i - a +0 pair of boots (worn)
 r - a +1 helmet (worn)
 y - an orb of guile
Jewellery
 g - a ring of fire
 k - an amulet of faith (around neck)
 l - a +6 ring of intelligence
 m - a ring of wizardry
 s - an amulet of regeneration
 t - a ring of flight (left hand)
 A - a +4 ring of protection (right hand)
Wands
 n - a wand of flame (24)
 w - a wand of roots (5) (quivered)
Scrolls
 o - a scroll of identify
Potions
 d - 3 potions of might
 e - a potion of invisibility
 h - 2 potions of brilliance
 j - 3 potions of curing
 u - a potion of attraction {unknown}
 v - a potion of haste {unknown}
 B - a potion of degeneration {unknown}


   Skills:
 + Level 7.4 Fighting
 * Level 10.5 Axes
 + Level 6.7 Armour
 - Level 5.1 Shields
 * Level 7.6 Invocations


You had 8 spell levels left.
You didn't know any spells.
Your spell library contained the following spells:

 Spells                   Type           Power      Damage    Failure   Level
 Freeze                   Ice            0%         1d3       69%         1
 Lesser Beckoning         Tloc           0%         N/A       83%         2
 Scorch                   Fire           0%         2d5       83%         2
 Call Canine Familiar     Summ           0%         N/A       96%         3
 Frozen Ramparts          Ice            0%         1d1       96%         3
 Gell's Gravitas          Tloc           0%         N/A       96%         3
 Hailstorm                Conj/Ice       0%         3d5       96%         3
 Sigil of Binding         Hex            0%         N/A       96%         3
 Teleport Other           Tloc           0%         N/A       96%         3
 Dimensional Bullseye     Hex/Tloc       0%         N/A       100%        4
 Fireball                 Conj/Fire      0%         3d3       100%        5


Dungeon Overview and Level Annotations

Branches:
Dungeon (8/15)             Temple (1/1) D:5
   Lair: D:8-11

Altars:
Ashenzari
Cheibriados
Dithmenos
Elyvilon
Fedhas
Gozag
Hepliaklqana
Kikubaaqudgha
Makhleb
Nemelex Xobeh
Okawaru
Qazlal
Ru
Trog
Uskayaw
Vehumet
Wu Jian
Xom
Yredelemnul
Zin
The Shining One

Shops:
D:4 :

Annotations:
D:7 3 runed translucent doors, jejorda2's ghost, novice GnBe
D:8 Gastronok; Maurice; Prince Ribbit


Message History

Prince Ribbit hits you but does no damage.
You feel better.
Zin releases something from its prison.
Prince Ribbit blinks!
Prince Ribbit hits you but does no damage.
Aiming: Imprison (2% risk of failure)
Press: ? - help, Dir - move target, f/p - wight
Aim: a wight, wielding a +0 trident and wearing a +0 robe (severely damaged) Zin imprisons the wight with walls of pure silver!
Prince Ribbit barely misses you.
Prince Ribbit hits you but does no damage.
Prince Ribbit blinks!
Prince Ribbit attacks as he pursues you!
Prince Ribbit misses you.
Prince Ribbit lets out a mournful croak.
Prince Ribbit hits you.
* * * LOW HITPOINT WARNING * * *
Prince Ribbit blinks!
Activating: Recite (0% risk of failure)
Press: ? - help, Dir - look around, f - activate You clear your throat and prepare to recite. "And Zin said to all in attendance, 'Which of ye..."
Prince Ribbit blinks! x2
Zin releases the wight from its prison. "...I may oust you now for your contamination!'" Prince Ribbit is dazed by your recitation.
The wight is limned with silver light.
You finish reciting Ablutions 9:72.
Prince Ribbit blinks!
Zin grants you divine stamina.
Prince Ribbit is lost in a daze.
Prince Ribbit lets out a mournful croak.
Prince Ribbit blinks!
Prince Ribbit is lost in a daze.
Prince Ribbit is lost in a daze.
Prince Ribbit lets out a mournful croak.
Prince Ribbit blinks!
Prince Ribbit hits you.
* * * LOW HITPOINT WARNING * * *
Prince Ribbit is lost in a daze.
The wight attacks as it pursues you! The wight completely misses you.
The wight hits you from afar with a +0 trident!
You die...

.........≈#
....#....~~
wz#z#..#...
z{F..{..### #(####..#
#z####(.# #.zz..zz#
#######Y# ######.#
#######z# ####zF@...#
#.......###..z.######
#.#####.##.....#
#.####......f..#
w....#.###.....#
#.#..#.# ##...##
#.#..### #####
#......# #.##.###


You could see Maurice, Prince Ribbit (dazed) and 2 wights.

Vanquished Creatures
  A hornet (D:8)
  A wyvern (D:8)
  2 water moccasins
  2 black bears (D:7)
  A sky beast (D:5)
  2 ice beasts (D:6)
  An ogre (D:5)
  A centaur (D:6)
  A phantom (D:5)
  2 kobold brigands
  2 bullfrogs (D:7)
  A gnoll sergeant (D:5)
  4 scorpions
  3 killer bees (D:7)
  2 howler monkeys (D:7)
  A bombardier beetle (D:6)
  2 hounds (D:6)
  A gnoll bouda (D:5)
  2 orc priests (D:5)
  A jelly (D:5)
  A sleepcap (D:4)
  2 iguanas
  2 orc wizards (D:5)
  7 adders
  12 gnolls
  A shadow imp (D:8)
  3 dart slugs
  2 ribbon worms
  17 orcs
  5 bats
  8 endoplasms
  6 giant cockroaches
  13 goblins
  6 hobgoblins
  5 jackals
  16 kobolds
  3 quokkas
  8 ball pythons
  2 frilled lizards (D:1)
  A rat (D:1)
153 creatures vanquished.

Vanquished Creatures (collateral kills)
  A bullfrog (D:8)
1 creature vanquished.

Vanquished Creatures (others)
  A bullfrog (D:8)
1 creature vanquished.

Grand Total: 155 creatures vanquished

Notes
Turn   | Place    | Note
-------+----------+-------------------------------------------
     0 | D:1      | Hsik the Hill Orc Fighter began the quest for the Orb.
     0 | D:1      | Reached XP level 1. HP: 19/19 MP: 1/1
    82 | D:1      | Reached skill level 3 in Axes
   156 | D:1      | Reached XP level 2. HP: 24/27 MP: 2/2
   412 | D:1      | Reached XP level 3. HP: 33/33 MP: 3/3
  1001 | D:2      | Found a faded altar of an unknown god.
  1160 | D:2      | Reached skill level 4 in Axes
  1381 | D:2      | Reached XP level 4. HP: 39/40 MP: 4/4
  1831 | D:3      | Got Allyxzy's Elucidation of the Tropics
  2183 | D:3      | Found a faded altar of an unknown god.
  2188 | D:3      | Found a stormy altar of Qazlal.
  2273 | D:4      | Noticed a scorpion
  2380 | D:4      | Reached XP level 5. HP: 47/47 MP: 5/5
  2562 | D:4      | Reached skill level 5 in Axes
  2757 | D:4      | Found Jibus's Book Shoppe.
  3029 | D:5      | Entered Level 5 of the Dungeon
  3056 | D:5      | Noticed an ogre
  3065 | D:5      | Killed an ogre
  3066 | D:5      | Reached XP level 6. HP: 25/55 MP: 6/6
  3157 | D:5      | Reached skill level 5 in Fighting
  3157 | D:5      | Reached skill level 6 in Axes
  3185 | D:5      | Reached XP level 7. HP: 61/61 MP: 7/7
  3280 | D:5      | Found a staircase to the Ecumenical Temple.
  3298 | D:5      | Reached skill level 5 in Shields
  3333 | Temple   | Entered the Ecumenical Temple
  3346 | Temple   | Became a worshipper of Zin the Law-Giver
  3346 | Temple   | Reached * piety under Zin
  3357 | Temple   | Donated 107 gold pieces to Zin
  3384 | D:5      | Found a hide-covered altar of Uskayaw.
  3617 | D:5      | Reached skill level 5 in Armour
  3625 | D:5      | Reached skill level 7 in Axes
  3873 | D:6      | Reached skill level 1 in Invocations
  4034 | D:6      | Reached ** piety under Zin
  4075 | D:6      | Reached XP level 8. HP: 23/70 MP: 8/10
  4325 | D:5      | HP: 1/70 [water moccasin (6)]
  4331 | D:5      | Reached skill level 8 in Axes
  5106 | D:6      | Found a burning altar of Makhleb.
  5199 | D:6      | Reached skill level 5 in Invocations
  5269 | D:6      | Reached skill level 9 in Axes
  5519 | D:6      | Reached *** piety under Zin
  5520 | D:6      | Donated 113 gold pieces to Zin
  5721 | D:7      | Reached XP level 9. HP: 64/78 MP: 13/13
  5797 | D:7      | Noticed a cyclops
  5797 | D:7      | Noticed jejorda2's ghost (novice GnBe)
  5817 | D:7      | Found a runed translucent gate.
  5817 | D:7      | Found a runed translucent gate.
  5817 | D:7      | Found a runed translucent gate.
  5853 | D:7      | Reached **** piety under Zin
  6624 | D:7      | Reached skill level 10 in Axes
  6922 | D:8      | Noticed a hornet
  6939 | D:8      | Killed a hornet
  6943 | D:8      | Noticed Gastronok
  6993 | D:8      | Noticed Prince Ribbit
  7001 | D:8      | HP: 2/79 [Gastronok/the air (21)]
  7021 | D:8      | Noticed Maurice
  7026 | D:8      | HP: 3/74 [Prince Ribbit (6)]
  7038 | D:8      | Slain by a wight

Illustrated notes

Levels and vault maps discovered:
D:1:      dpeg_arrival_rooms_b, layout_loops_ring, nicolae_figureground_pulse
D:2:      kennysheep_the_goblin_king, layout_loops_ring,
          hellmonk_ecumenical_altar_inner_sanctum
D:3:      layout_loops_ring, nicolae_overflow_ecumenical_swirl
D:4:      layout_loops_ring, serial_shops, nicolae_shop_peninsula
D:5:      layout_basic, nicolae_uskayaw_suspiria, temple_pool_b,
          dk_noncrumbling_4
D:6:      layout_cave_pools, makhleb_heckhound_becter,
          chequers_serial_rivers_small_a
D:7:      layout_cave_pods, gammafunk_ghost_split, kennysheep_generic_room_3
D:8:      layout_loops_cross, enter_bailey_4, uniq_maurice, uniq_prince_ribbit1,
          uniq_gastronok
Temple:   nicolae_temple_no_exploring_needed

Skill      XL: |  1  2  3  4  5  6  7  8  9 |
---------------+----------------------------+-----
Axes           | 3 4 5 6 7 9 10 | 10.5
Fighting       | 4 5 6 7 |  7.4
Shields        | 4 5 |  5.1
Armour         | 4 5 6 |  6.7
Invocations    | 2 5 7 |  7.6

Action                     |  1- 3 |  4- 6 |  7- 9 || total
---------------------------+-------+-------+-------++-------
  Melee: War axe           |   101 |   124 |   260 ||   485
  Throw: Boomerang         |       |       |     4 ||     4
         Dart              |       |       |     2 ||     2
 Invoke: Recite            |       |       |    11 ||    11
         Donate Gold       |       |       |     2 ||     2
         Vitalisation      |       |       |     3 ||     3
         Imprison          |       |       |     3 ||     3
  Evoke: Wand              |       |     2 |     4 ||     6
    Use: Scroll            |       |     6 |     8 ||    14
         Potion            |       |       |     5 ||     5
   Stab: Confused          |       |       |     4 ||     4
 Armour: Scale mail        |    56 |    76 |   295 ||   427
  Dodge: Dodged            |    52 |    41 |   169 ||   262
  Block: Buckler           |    25 |    32 |    94 ||   151

Table legend: (Time is in decaauts)
 A = Elapsed time spent in this place.
 B = Non-inter-level travel time spent in this place.
 C = Inter-level travel time spent in this place.
 D = Time resting spent in this place.
 E = Time spent auto-exploring this place.
 F = Levels seen in this place.
 G = Mean time per level.
                   A        B        C        D        E       F      G
               +--------+--------+--------+--------+--------+-----+--------+
         Total |   7188 |   6741 |    447 |   1346 |   4019 |   9 |  798.7 |
       Dungeon |   7156 |   6709 |    447 |   1346 |   4019 |   8 |  894.5 |
        Temple |     31 |     31 |      0 |      0 |      0 |   1 |   31.0 |
               +--------+--------+--------+--------+--------+-----+--------+

Top non-repeatable levels by time:
     D:5: 1647 daAuts
     D:7: 1310 daAuts
     D:6: 881 daAuts
     D:2: 834 daAuts
     D:1: 814 daAuts
     D:3: 752 daAuts
     D:4: 692 daAuts
     D:8: 222 daAuts
  Temple: 31 daAuts
